 Dungeon Crawl Stone Soup version 0.23.2-40-g277498a001 (webtiles) character file.

Game seed: 17475932327909725077

6895 BeastOfSaturn the Cleaver (level 11, -7/80 HPs)
             Began as a Human Fighter on Oct 11, 2019.
             Was an Elder of Ru.
             Mangled by a sixfirhy (12 damage)
             ... summoned by an orc sorcerer
             ... on level 10 of the Dungeon on Oct 12, 2019.
             The game lasted 01:04:13 (9790 turns).

BeastOfSaturn the Cleaver (Human Fighter)           Turns: 9790, Time: 01:04:13

Health: -7/80      AC:  9    Str: 17    XL:     11   Next: 27%
Magic:  18/18      EV: 11    Int: 12    God:    Ru [****..]
Gold:   459        SH:  9    Dex: 14    Spells: 16/19 levels left

rFire    + . .     SeeInvis .   a - +5 war axe (flame)
rCold    . . .     Gourm    .   c - +0 shield
rNeg     . . .     Faith    .   v - +1 troll leather armour
rPois    .         Spirit   .   (helmet restricted)
rElec    .         Reflect  .   j - +0 cloak
rCorr    .         Harm     .   r - +0 pair of gloves {archery}
MR       .....                  (no boots)
Stlth    +.........             e - amulet of regeneration
HPRegen  1.03/turn              k - ring of protection from fire
MPRegen  0.16/turn              (no ring)

@: no status effects
A: antennae 1, talons 1, clever 1, inability to use devices, MP-powered wands,
unskilled 1
a: Draw Out Power, Power Leap, Renounce Religion


You were on level 10 of the Dungeon.
You worshipped Ru.
Ru was greatly pleased with you.
You were not hungry.

You visited 2 branches of the dungeon, and saw 11 of its levels.

You collected 459 gold pieces.

Inventory:

Hand Weapons
 a - a +5 war axe of flaming (weapon)
 n - a +1 dire flail of crushing
 z - a cursed -1 long sword
Missiles
 p - 3 tomahawks (quivered)
Armour
 c - a +0 shield (worn)
 j - a +0 cloak (worn)
 r - a +0 pair of gloves of archery (worn)
 v - a +1 troll leather armour (worn)
 D - a +3 leather armour
Magical Staves
 b - an uncursed staff of power {unknown}
Jewellery
 e - an amulet of regeneration (around neck)
 k - a ring of protection from fire (left hand)
 t - an uncursed ring of ice {unknown}
 B - an uncursed amulet of the acrobat
Scrolls
 g - 7 scrolls of teleportation
 h - 3 scrolls of fog
 o - a scroll of immolation {unknown}
 q - 2 scrolls of remove curse
 s - 2 scrolls of amnesia
 u - a scroll of identify
 y - a scroll of random uselessness {unknown}
 C - a scroll of noise {unknown}
Potions
 d - 4 potions of might
 i - a potion of haste {unknown}
 l - a potion of cancellation {unknown}
 x - 2 potions of lignification
 G - 2 potions of resistance {unknown}
 H - a potion of heal wounds {unknown}
Miscellaneous
 F - a lightning rod (4/4)
Comestibles
 m - 16 rations


   Skills:
 + Level 5.2 Fighting
 - Level 2.4 Long Blades
 + Level 8.5(8.7) Axes
   Level 2.5(5.9) Polearms
 + Level 1.8 Throwing
 * Level 8.0 Armour
 + Level 4.1 Dodging
 - Level 4.3 Shields
 * Level 4.6 Spellcasting
 - Level 1.9 Translocations


You had 16 spell levels left.
You knew the following spells:

 Your Spells              Type           Power        Failure   Level  Hunger
a - Blink                 Tloc           N/A          56%         2    ##.....
b - Confusing Touch       Hex            #.....       67%         1    None

Your spell library contained the following spells:

 Spells                   Type           Power        Failure   Level  Hunger
 Apportation              Tloc           #.....       41%         1    None
 Animate Skeleton         Necr           N/A          67%         1    None
 Corona                   Hex            #......      67%         1    None
 Magic Dart               Conj           #...         67%         1    None
 Summon Small Mammal      Summ           #...         67%         1    None
 Call Imp                 Summ           #.......     82%         2    ##.....
 Slow                     Hex            #.......     82%         2    ##.....
 Portal Projectile        Hex/Tloc       #.....       89%         3    ###....
 Conjure Flame            Conj/Fire      #.......     96%         3    ###....
 Inner Flame              Hex/Fire       #.......     96%         3    ###....
 Mephitic Cloud           Conj/Pois/Air  #.......     96%         3    ###....
 Cause Fear               Hex            #.........   100%        4    ####...
 Leda's Liquefaction      Hex/Erth       #.........   100%        4    ####...


Dungeon Overview and Level Annotations

Branches:
Dungeon (10/15)            Temple (1/1) D:4
   Lair: D:8-11         Orc: D:9-12

Altars:
Ashenzari
Cheibriados
Dithmenos
Fedhas
Gozag
Hepliaklqana
Makhleb
Nemelex Xobeh
Ru
Sif Muna
Trog
Uskayaw
Wu Jian
Xom
Yredelemnul


Innate Abilities, Weirdness & Mutations

You cannot study or use magical devices.
You are somewhat unskilled. (-1 Apt)
You have a pair of small antennae on your head.
You have sharp toenails.
Your mind is acute. (Int +2)
You expend magic power (3 MP) to strengthen your wands.


Message History

The sixfirhy shocks you!
* * * LOW HITPOINT WARNING * * *
You focus your will and blind the sixfirhy in retribution!
The sixfirhy is stunned by your will and fails to attack.
You strike the helpless sixfirhy from behind!
You slice the sixfirhy!! You burn the sixfirhy.
The sixfirhy is severely wounded.
The crimson imp blinks!
You hit the sixfirhy. You burn the sixfirhy. Your kick misses the sixfirhy.
The sixfirhy is severely wounded.
You miss the sixfirhy. Your kick misses the sixfirhy.
The sixfirhy is heavily wounded.
You block the sixfirhy's attack. x2; The sixfirhy hits you.
* * * LOW HITPOINT WARNING * * *
The sixfirhy shocks you!
* * * LOW HITPOINT WARNING * * *
You block the sixfirhy's attack. The sixfirhy hits you.
* * * LOW HITPOINT WARNING * * *
The sixfirhy shocks you!
You die...

...
..#..O...........#
. ..
#....####.........#
.. ......#
#T........##...
#..T...#
#.........'.....
'....###
#.........##....
#...# #.........#
..... #...
#)#####.#.##.....#
#3#.....).........
#@#.###.#.###..#..
#.# #.#.# #.....
#.# #.#.#.......
#.#.###.#.#.#(..##
#.#...(.).......#.
#.##########......
#.# #...##. #.#
#...### #.# #......


You could see a troll (fleeing) and a sixfirhy (blind).

Vanquished Creatures
  Gastronok (D:8)
  An unseen horror (D:9)
  Joseph (D:7)
  A troll (D:9)
  Grinder (D:3)
  Sigmund (D:5)
  A wyvern (D:10)
  An ice beast (D:9)
  A phantom (D:7)
  2 sky beasts
  2 necrophages
  11 ogres
  5 centaurs
  A crocodile (D:7)
  A big kobold (D:9)
  A wyvern zombie (D:9)
  A bullfrog (D:7)
  A scorpion (D:7)
  A jelly (D:5)
  6 killer bees
  2 howler monkeys (D:10)
  3 crimson imps
  A centaur zombie (D:9)
  A quasit (D:6)
  5 hounds
  4 orc priests
  2 centaur skeletons
  3 bullfrog skeletons
  3 iguanas
  3 orc wizards
  5 worker ants
  Ijyb (D:4)
  A worker ant zombie (D:8)
  4 gnolls (D:6)
  8 adders
  A shadow imp (D:7)
  2 worms
  2 dart slugs (D:1)
  2 leopard geckos
  18 orcs
  3 ball pythons (D:3)
  3 giant cockroaches
  11 goblins
  10 hobgoblins
  9 jackals
  12 kobolds
  5 quokkas
  11 bats
  8 frilled lizards
  A quokka skeleton (D:4)
  8 rats
193 creatures vanquished.

Vanquished Creatures (others)
  An orc priest (D:7)
1 creature vanquished.

Grand Total: 194 creatures vanquished

Notes
Turn   | Place    | Note
-------+----------+-------------------------------------------
     0 | D:1      | BeastOfSaturn the Human Fighter began the quest for the
                  | Orb.
     0 | D:1      | Reached XP level 1. HP: 18/18 MP: 1/1
    95 | D:1      | Reached XP level 2. HP: 20/24 MP: 2/2
   316 | D:1      | Reached XP level 3. HP: 23/29 MP: 3/3
   757 | D:2      | Reached skill level 1 in Dodging
   757 | D:2      | Reached XP level 4. HP: 29/35 MP: 4/4
  1568 | D:2      | Reached XP level 5. HP: 39/41 MP: 5/5
  2476 | D:3      | Gained mutation: You are weak. (Str -2) [potion of
                  | mutation]
  2476 | D:3      | Lost mutation: You are weak. (Str -2) [potion of mutation]
  2476 | D:3      | Gained mutation: You occasionally shout uncontrollably at
                  | your foes. [potion of mutation]
  2476 | D:3      | Gained mutation: You have supernaturally acute eyesight.
                  | (SInv) [potion of mutation]
  2506 | D:3      | Noticed Grinder
  2514 | D:3      | Paralysed by Grinder for 2 turns
  2521 | D:3      | Paralysed by Grinder for 6 turns
  2723 | D:3      | Killed Grinder
  2723 | D:3      | Reached skill level 5 in Armour
  2723 | D:3      | Reached XP level 6. HP: 18/47 MP: 6/6
  3050 | D:3      | Learned a level 2 spell: Blink
  3287 | D:3      | Reached XP level 7. HP: 46/52 MP: 7/7
  4025 | D:4      | Reached skill level 1 in Translocations
  4031 | D:4      | Reached skill level 1 in Axes
  4279 | D:4      | Noticed Ijyb
  4287 | D:4      | Killed Ijyb
  4367 | D:4      | Reached XP level 8. HP: 23/58 MP: 8/8
  4728 | D:4      | Found a staircase to the Ecumenical Temple.
  4740 | Temple   | Entered the Ecumenical Temple
  4769 | Temple   | Became a worshipper of Ru the Awakened
  5061 | D:5      | Entered Level 5 of the Dungeon
  5695 | D:5      | Noticed Sigmund
  5731 | D:5      | Killed Sigmund
  5731 | D:5      | Reached skill level 1 in Spellcasting
  5817 | D:5      | Lost mutation: You have supernaturally acute eyesight.
                  | (SInv) [potion of mutation]
  5817 | D:5      | Lost mutation: You occasionally shout uncontrollably at
                  | your foes. [potion of mutation]
  5817 | D:5      | Gained mutation: You have a pair of small antennae on your
                  | head. [potion of mutation]
  5817 | D:5      | Gained mutation: You expend magic power (3 MP) to
                  | strengthen your wands. [potion of mutation]
  5817 | D:5      | Gained mutation: Your mind is acute. (Int +2) [potion of
                  | mutation]
  5817 | D:5      | Gained mutation: You have sharp toenails. [potion of
                  | mutation]
  6342 | D:6      | Reached XP level 9. HP: 64/64 MP: 11/11
  6399 | D:6      | Gained mutation: You are somewhat unskilled. (-1 Apt) [Ru
                  | sacrifice]
  6399 | D:6      | Reduced skill Translocations to level 1
  6399 | D:6      | Reached * piety under Ru
  6399 | D:6      | Reached ** piety under Ru
  6581 | D:6      | You fall through a shaft for 3 floors!
  6589 | D:9      | Noticed a troll
  6598 | D:9      | Killed a troll
  6707 | D:9      | Killed an unseen horror
  6707 | D:9      | Reached skill level 5 in Axes
  6761 | D:8      | Noticed Gastronok
  7033 | D:9      | Reached skill level 1 in Evocations
  7033 | D:9      | Reached XP level 10. HP: 40/71 MP: 14/14
  8207 | D:6      | Learned a level 1 spell: Confusing Touch
  8369 | D:7      | Noticed Joseph
  8400 | D:7      | Killed Joseph
  8460 | D:7      | Gained mutation: You cannot study or use magical devices.
                  | [Ru sacrifice]
  8460 | D:7      | Reached *** piety under Ru
  8460 | D:7      | Reached **** piety under Ru
  9106 | D:8      | HP: 1/73 [Gastronok (33)]
  9250 | D:8      | Killed Gastronok
  9250 | D:8      | Reached skill level 5 in Fighting
  9250 | D:8      | Reached skill level 1 in Throwing
  9250 | D:8      | Reached XP level 11. HP: 74/79 MP: 10/17
  9403 | D:8      | Found a snail-covered altar of Cheibriados.
  9528 | D:10     | Entered Level 10 of the Dungeon
  9569 | D:10     | Found a snail-covered altar of Cheibriados.
  9745 | D:10     | Noticed an orc sorcerer
  9748 | D:10     | Noticed an orc sorcerer
  9778 | D:10     | Noticed a sixfirhy
  9790 | D:10     | Mangled by a sixfirhy

Skill      XL: |  1  2  3  4  5  6  7  8  9 10 11 |
---------------+----------------------------------+-----
Dodging        | 1 2 4 |  4.1
Armour         | 4 5 6 7 8 |  8.0
Polearms       | 2 |  2.5
Shields        | 4 |  4.3
Translocations | 1 2 1 |  1.9
Axes           | 1 4 5 8 |  8.5
Spellcasting   | 1 3 4 |  4.6
Evocations     | 1 0 |  0.0
Fighting       | 5 |  5.2
Throwing       | 1 |  1.8
Long Blades    | |  2.4

Action                   |  1- 3 |  4- 6 |  7- 9 | 10-12 || total
-------------------------+-------+-------+-------+-------++-------
Melee: Long sword        |    88 |    39 |       |       ||   127
       Spear             |       |   108 |    44 |       ||   152
       War axe           |       |       |   150 |   202 ||   352
       Kick              |       |       |    24 |    52 ||    76
Throw: Tomahawk          |       |     2 |     4 |    27 ||    33
Invok: Sacrifice Skill   |       |       |     1 |       ||     1
       Power Leap        |       |       |       |     2 ||     2
       Sacrifice Artific |       |       |       |     1 ||     1
Evoke: Wand              |       |       |    10 |       ||    10
  Use: Scroll            |       |     7 |     7 |     5 ||    19
       Potion            |       |     1 |     1 |       ||     2
 Stab: Paralysed         |       |       |     3 |       ||     3
       Invisible         |       |       |       |     1 ||     1
  Eat: Ration            |       |     2 |     4 |     2 ||     8
       Chunk             |       |     2 |       |       ||     2
Armor: Scale mail        |    39 |    39 |    17 |       ||    95
       Chain mail        |       |       |    41 |       ||    41
       Troll leather arm |       |       |    25 |    53 ||    78
       Leather armour    |       |       |     3 |       ||     3
Dodge: Dodged            |    18 |    32 |    73 |   104 ||   227
Block: Shield            |    42 |    56 |   102 |    98 ||   298
       Rpst.: Long sword |     6 |     6 |       |       ||    12
